[ AOE2 MATCH · #494633725 ]
UnrankedPoles vs Muisca
Player's team · WIN
Rival team · LOSS
[ REPLAY ANALYSIS · EXTRACTED FROM THE RECORDED GAME ]
Feudal
8:56
Castle
22:55
Imperial
—
| APM avg | 54.1 |
| APM peak | 88 |
| eAPM avg | 23.5 |
| Villagers / military | 74 / 37 |
Focus
⚔️ 49.3% · 🌾 50.7%
Scout Cavalry ×16 · Monk ×10 · Knight ×9 · Mangonel ×2
Feudal
10:34
Castle
14:29
Imperial
—
| APM avg | 58.7 |
| APM peak | 114 |
| eAPM avg | 26.7 |
| Villagers / military | 72 / 2 |
Focus
⚔️ 53.2% · 🌾 46.8%
Unknown (2586) ×25 · Unknown (2562) ×19 · Monk ×1 · Petard ×1 · Unknown (1105) ×1
Match map
Initial resources + every placement click. Lines = walls · curves = elevation contours. ◆ gold · ⬟ stone · ● berries · ✦ relic · ◌ wall gap
Your base· ✓ Closed at 22:55 · 101t walls · no gate
RedPhosphoru's base· Open — opponent sealed themselves in
Smoothed initial terrain · ◌ = detected wall gap · hover for details
Inputs per minute
— Biry - - RedPhosphoru
Build order — Biry
First 150 of 234 actions detected
| 0:00 | Create | Villager (Male) |
| 0:01 | Create | Villager (Male) |
| 0:01 | Create | Villager (Male) |
| 0:01 | Create | Villager (Male) |
| 0:01 | Create | Villager (Male) |
| 0:02 | Build | House |
| 0:03 | Build | House |
| 1:31 | Create | Villager (Male) |
| 1:31 | Create | Villager (Male) |
| 2:02 | Create | Villager (Male) |
| 2:02 | Create | Villager (Male) |
| 2:12 | Build | Lumber Camp |
| 2:24 | Create | Villager (Male) |
| 2:25 | Create | Villager (Male) |
| 2:48 | Create | Villager (Male) |
| 2:59 | Create | Villager (Male) |
| 2:59 | Create | Villager (Male) |
| 3:26 | Create | Villager (Male) |
| 3:26 | Create | Villager (Male) |
| 4:00 | Build | Mill |
| 4:05 | Create | Villager (Male) |
| 4:05 | Create | Villager (Male) |
| 4:40 | Create | Villager (Male) |
| 4:41 | Create | Villager (Male) |
| 5:37 | Create | Villager (Male) |
| 6:13 | Create | Villager (Male) |
| 6:46 | Research | Feudal Age |
| 6:46 | Research | Feudal Age |
| 7:51 | Build | Barracks |
| 7:58 | Build | House |
| 8:00 | Research | Loom |
| 8:51 | Create | Villager (Male) |
| 8:56 | Age | Feudal Age |
| 8:57 | Build | Stable |
| 9:03 | Build | Watch Tower |
| 9:07 | Research | Double-Bit Axe |
| 9:29 | Create | Villager (Male) |
| 9:39 | Build | House |
| 9:39 | Create | Scout Cavalry |
| 9:39 | Create | Scout Cavalry |
| 9:57 | Build | Palisade Wall |
| 10:02 | Create | Villager (Male) |
| 10:07 | Build | House |
| 10:15 | Build | Palisade Wall |
| 10:33 | Create | Villager (Male) |
| 10:50 | Build | Farm |
| 10:51 | Build | Farm |
| 10:52 | Build | Farm |
| 10:56 | Create | Villager (Male) |
| 11:12 | Create | Scout Cavalry |
| 11:18 | Build | Farm |
| 11:24 | Create | Villager (Male) |
| 11:27 | Build | House |
| 11:35 | Build | Farm |
| 11:44 | Build | Watch Tower |
| 11:47 | Create | Scout Cavalry |
| 11:49 | Create | Villager (Male) |
| 11:49 | Create | Villager (Male) |
| 11:51 | Build | Farm |
| 12:03 | Build | Mill |
| 12:08 | Create | Villager (Male) |
| 12:24 | Build | Mining Camp |
| 12:28 | Create | Scout Cavalry |
| 12:38 | Build | Palisade Wall |
| 12:38 | Build | Palisade Wall |
| 12:39 | Build | Palisade Wall |
| 12:39 | Build | Palisade Wall |
| 12:42 | Create | Villager (Male) |
| 12:46 | Build | Farm |
| 13:03 | Build | Palisade Wall |
| 13:09 | Create | Villager (Male) |
| 13:15 | Build | Palisade Wall |
| 13:18 | Build | Palisade Wall |
| 13:23 | Create | Villager (Male) |
| 13:27 | Build | Palisade Wall |
| 13:31 | Create | Scout Cavalry |
| 13:51 | Research | Horse Collar |
| 13:51 | Research | Horse Collar |
| 13:51 | Research | Horse Collar |
| 14:01 | Create | Villager (Male) |
| 14:01 | Create | Villager (Male) |
| 14:04 | Build | Farm |
| 14:18 | Build | Stone Wall |
| 14:19 | Build | Stone Wall |
| 14:20 | Build | Stone Wall |
| 14:27 | Create | Villager (Male) |
| 14:56 | Build | Stone Wall |
| 14:56 | Build | Stone Wall |
| 14:57 | Build | Stone Wall |
| 14:58 | Create | Villager (Male) |
| 15:02 | Build | Farm |
| 15:12 | Build | Watch Tower |
| 15:20 | Create | Villager (Male) |
| 15:23 | Build | House |
| 15:31 | Create | Villager (Male) |
| 15:34 | Build | Blacksmith |
| 15:35 | Create | Scout Cavalry |
| 15:39 | Build | Palisade Wall |
| 15:40 | Build | Palisade Wall |
| 15:40 | Build | Palisade Wall |
| 15:41 | Build | Palisade Wall |
| 16:11 | Create | Villager (Male) |
| 16:20 | Create | Scout Cavalry |
| 16:23 | Research | Fletching |
| 16:27 | Build | House |
| 16:36 | Create | Villager (Male) |
| 16:43 | Build | Farm |
| 16:45 | Build | Farm |
| 16:49 | Build | Stone Wall |
| 16:54 | Build | Watch Tower |
| 16:57 | Create | Villager (Male) |
| 17:01 | Build | Farm |
| 17:15 | Build | House |
| 17:23 | Create | Villager (Male) |
| 17:28 | Build | Mining Camp |
| 17:33 | Build | Stone Wall |
| 17:35 | Build | Stone Wall |
| 17:45 | Build | House |
| 17:47 | Create | Villager (Male) |
| 18:14 | Build | Watch Tower |
| 18:18 | Create | Villager (Male) |
| 18:38 | Create | Villager (Male) |
| 18:51 | Build | Stone Wall |
| 19:08 | Create | Villager (Male) |
| 19:10 | Build | Market |
| 19:13 | Build | Palisade Wall |
| 19:14 | Build | Palisade Wall |
| 19:24 | Build | Palisade Wall |
| 19:25 | Build | Palisade Wall |
| 19:26 | Build | Palisade Wall |
| 19:26 | Build | Palisade Wall |
| 19:39 | Create | Villager (Male) |
| 19:45 | Build | Farm |
| 20:15 | Research | Castle Age |
| 20:15 | Research | Castle Age |
| 20:18 | Build | Farm |
| 20:21 | Build | Farm |
| 20:29 | Build | Lumber Camp |
| 20:53 | Create | Scout Cavalry |
| 21:06 | Build | Watch Tower |
| 21:10 | Research | Scale Barding Armor |
| 21:10 | Research | Scale Barding Armor |
| 21:11 | Build | Farm |
| 21:14 | Build | Farm |
| 21:16 | Build | Farm |
| 21:29 | Build | Palisade Wall |
| 21:41 | Build | Watch Tower |
| 21:59 | Create | Scout Cavalry |
| 21:59 | Create | Scout Cavalry |
| 21:59 | Research | Bloodlines |
Build order — RedPhosphoru
First 150 of 198 actions detected
| 0:00 | Create | Villager (Male) |
| 0:00 | Create | Villager (Male) |
| 0:02 | Build | House |
| 0:03 | Build | House |
| 0:07 | Create | Villager (Male) |
| 0:09 | Create | Villager (Male) |
| 1:20 | Create | Villager (Male) |
| 1:56 | Create | Villager (Male) |
| 2:12 | Create | Villager (Male) |
| 2:23 | Build | Settlement |
| 2:27 | Build | Settlement |
| 2:29 | Create | Villager (Male) |
| 2:54 | Create | Villager (Male) |
| 3:14 | Create | Villager (Male) |
| 3:21 | Build | Palisade Wall |
| 3:25 | Create | Villager (Male) |
| 4:07 | Create | Villager (Male) |
| 4:13 | Build | Palisade Wall |
| 4:19 | Create | Villager (Male) |
| 4:39 | Create | Villager (Male) |
| 4:50 | Create | Villager (Male) |
| 5:37 | Build | Palisade Wall |
| 5:49 | Create | Villager (Male) |
| 5:52 | Create | Villager (Male) |
| 5:59 | Build | Settlement |
| 6:02 | Create | Villager (Male) |
| 6:11 | Build | Palisade Wall |
| 6:11 | Build | Palisade Wall |
| 6:13 | Create | Villager (Male) |
| 6:19 | Create | Villager (Male) |
| 6:49 | Create | Villager (Male) |
| 7:04 | Build | Palisade Wall |
| 7:35 | Research | Loom |
| 7:46 | Build | Palisade Wall |
| 8:16 | Research | Feudal Age |
| 9:24 | Build | Palisade Wall |
| 9:29 | Create | Villager (Male) |
| 9:29 | Create | Villager (Male) |
| 10:34 | Age | Feudal Age |
| 10:46 | Build | Market |
| 10:48 | Build | Blacksmith |
| 11:12 | Build | Palisade Wall |
| 11:15 | Build | Palisade Wall |
| 11:15 | Build | Palisade Wall |
| 11:15 | Build | Palisade Wall |
| 11:18 | Build | Palisade Wall |
| 11:18 | Build | Palisade Wall |
| 11:19 | Build | Palisade Wall |
| 11:49 | Research | Castle Age |
| 12:07 | Build | House |
| 12:40 | Research | Double-Bit Axe |
| 13:27 | Build | Farm |
| 13:32 | Create | Villager (Male) |
| 13:33 | Create | Villager (Male) |
| 13:51 | Create | Villager (Male) |
| 13:59 | Build | Farm |
| 14:00 | Create | Villager (Male) |
| 14:06 | Build | Farm |
| 14:29 | Age | Castle Age |
| 14:42 | Build | Castle |
| 14:45 | Build | Castle |
| 14:49 | Create | Villager (Male) |
| 14:55 | Build | Palisade Wall |
| 14:57 | Create | Villager (Male) |
| 15:18 | Build | Farm |
| 15:20 | Build | Farm |
| 15:31 | Research | Fletching |
| 15:38 | Create | Villager (Male) |
| 16:00 | Create | Unit 2562 |
| 16:36 | Create | Unit 2562 |
| 16:38 | Create | Villager (Male) |
| 16:53 | Create | Villager (Male) |
| 17:00 | Build | Settlement |
| 17:15 | Create | Villager (Male) |
| 17:17 | Create | Unit 2562 |
| 17:21 | Build | Palisade Wall |
| 17:22 | Build | Palisade Wall |
| 17:22 | Build | Palisade Wall |
| 17:23 | Build | Palisade Wall |
| 17:24 | Build | Palisade Wall |
| 17:26 | Build | Palisade Wall |
| 17:27 | Build | Palisade Wall |
| 17:27 | Build | Palisade Wall |
| 17:28 | Build | Palisade Wall |
| 17:28 | Build | Palisade Wall |
| 17:29 | Build | Palisade Wall |
| 17:29 | Build | Palisade Wall |
| 17:34 | Create | Villager (Male) |
| 17:46 | Build | Farm |
| 17:49 | Create | Unit 2562 |
| 17:57 | Build | Farm |
| 18:16 | Create | Unit 2562 |
| 18:17 | Create | Villager (Male) |
| 18:39 | Create | Unit 2562 |
| 18:39 | Create | Unit 2562 |
| 18:41 | Create | Villager (Male) |
| 18:51 | Create | Villager (Male) |
| 18:53 | Build | Farm |
| 18:54 | Build | Farm |
| 18:58 | Build | Farm |
| 19:05 | Create | Unit 2562 |
| 19:12 | Create | Petard |
| 19:16 | Create | Villager (Male) |
| 19:17 | Create | Unit 2562 |
| 19:36 | Build | House |
| 19:50 | Build | Settlement |
| 19:58 | Create | Unit 2562 |
| 20:11 | Research | Bodkin Arrow |
| 20:11 | Research | Bodkin Arrow |
| 20:17 | Build | Monastery |
| 20:20 | Create | Villager (Male) |
| 20:43 | Create | Unit 2562 |
| 20:55 | Create | Villager (Male) |
| 20:57 | Build | Farm |
| 21:06 | Build | House |
| 21:10 | Create | Unit 2586 |
| 21:16 | Create | Villager (Male) |
| 21:32 | Create | Villager (Male) |
| 21:37 | Create | Villager (Male) |
| 22:03 | Create | Villager (Male) |
| 22:09 | Create | Unit 2562 |
| 22:11 | Create | Unit 2562 |
| 22:12 | Create | Villager (Male) |
| 22:18 | Create | Villager (Male) |
| 22:25 | Create | Unit 2562 |
| 22:38 | Create | Unit 2586 |
| 22:50 | Create | Unit 2562 |
| 22:54 | Create | Villager (Male) |
| 23:05 | Build | Settlement |
| 23:06 | Create | Villager (Male) |
| 23:18 | Create | Monk |
| 23:23 | Create | Villager (Male) |
| 23:30 | Create | Villager (Male) |
| 23:37 | Build | House |
| 23:50 | Create | Unit 2586 |
| 24:01 | Build | Settlement |
| 24:23 | Create | Unit 2586 |
| 24:23 | Create | Unit 2586 |
| 24:24 | Create | Villager (Male) |
| 24:34 | Create | Unit 2586 |
| 24:34 | Create | Unit 2586 |
| 24:35 | Create | Villager (Male) |
| 24:39 | Build | Monastery |
| 24:53 | Build | Farm |
| 24:54 | Build | Farm |
| 24:57 | Create | Villager (Male) |
| 25:08 | Create | Unit 2586 |
| 25:57 | Create | Unit 2562 |
| 25:57 | Create | Villager (Male) |
| 26:02 | Create | Unit 2586 |
Match timeline
| 3:21 | RedPhosphoru · wall_segment Palisade Wall x1 |
| 4:13 | RedPhosphoru · wall_segment Palisade Wall x3 |
| 5:37 | RedPhosphoru · wall_segment Palisade Wall x9 |
| 6:11 | RedPhosphoru · wall_segment Palisade Wall x5 |
| 6:11 | RedPhosphoru · wall_segment Palisade Wall x1 |
| 7:04 | RedPhosphoru · wall_segment Palisade Wall x4 |
| 7:46 | RedPhosphoru · wall_segment Palisade Wall x4 |
| 7:51 | Biry · first_building Barracks |
| 8:56 | Biry · age_up feudal |
| 8:57 | Biry · first_building Stable |
| 9:24 | RedPhosphoru · wall_segment Palisade Wall x1 |
| 9:57 | Biry · wall_segment Palisade Wall x2 |
| 10:15 | Biry · wall_segment Palisade Wall x1 |
| 10:34 | RedPhosphoru · age_up feudal |
| 11:12 | RedPhosphoru · wall_segment Palisade Wall x1 |
| 11:15 | RedPhosphoru · wall_segment Palisade Wall x1 |
| 11:15 | RedPhosphoru · wall_segment Palisade Wall x1 |
| 11:15 | RedPhosphoru · wall_segment Palisade Wall x1 |
| 11:18 | RedPhosphoru · wall_segment Palisade Wall x1 |
| 11:18 | RedPhosphoru · wall_segment Palisade Wall x1 |
| 11:19 | RedPhosphoru · wall_segment Palisade Wall x1 |
| 11:30 | RedPhosphoru · first_market_sell 100 stone |
| 12:38 | Biry · wall_segment Palisade Wall x1 |
| 12:38 | Biry · wall_segment Palisade Wall x1 |
| 12:39 | Biry · wall_segment Palisade Wall x1 |
| 12:39 | Biry · wall_segment Palisade Wall x1 |
| 13:03 | Biry · wall_segment Palisade Wall x15 |
| 13:15 | Biry · wall_segment Palisade Wall x3 |
| 13:18 | Biry · wall_segment Palisade Wall x11 |
| 13:27 | Biry · wall_segment Palisade Wall x13 |
| 14:18 | Biry · wall_segment Stone Wall x1 |
| 14:19 | Biry · wall_segment Stone Wall x1 |
| 14:20 | Biry · wall_segment Stone Wall x1 |
| 14:29 | RedPhosphoru · age_up castle |
| 14:42 | RedPhosphoru · first_building Castle |
| 14:55 | RedPhosphoru · wall_segment Palisade Wall x1 |
| 14:56 | Biry · wall_segment Stone Wall x1 |
| 14:56 | Biry · wall_segment Stone Wall x1 |
| 14:57 | Biry · wall_segment Stone Wall x1 |
| 15:39 | Biry · wall_segment Palisade Wall x1 |
| 15:40 | Biry · wall_segment Palisade Wall x1 |
| 15:40 | Biry · wall_segment Palisade Wall x1 |
| 15:41 | Biry · wall_segment Palisade Wall x1 |
| 16:49 | Biry · wall_segment Stone Wall x12 |
| 17:21 | RedPhosphoru · wall_segment Palisade Wall x1 |
| 17:22 | RedPhosphoru · wall_segment Palisade Wall x1 |
| 17:22 | RedPhosphoru · wall_segment Palisade Wall x1 |
| 17:23 | RedPhosphoru · wall_segment Palisade Wall x1 |
| 17:24 | RedPhosphoru · wall_segment Palisade Wall x1 |
| 17:26 | RedPhosphoru · wall_segment Palisade Wall x1 |
| 17:27 | RedPhosphoru · wall_segment Palisade Wall x1 |
| 17:27 | RedPhosphoru · wall_segment Palisade Wall x1 |
| 17:28 | RedPhosphoru · wall_segment Palisade Wall x1 |
| 17:28 | RedPhosphoru · wall_segment Palisade Wall x1 |
| 17:29 | RedPhosphoru · wall_segment Palisade Wall x1 |
| 17:29 | RedPhosphoru · wall_segment Palisade Wall x1 |
| 17:33 | Biry · wall_segment Stone Wall x6 |
| 17:35 | Biry · wall_segment Stone Wall x7 |
| 18:51 | Biry · wall_segment Stone Wall x3 |
| 19:13 | Biry · wall_segment Palisade Wall x1 |
| 19:14 | Biry · wall_segment Palisade Wall x1 |
| 19:24 | Biry · wall_segment Palisade Wall x1 |
| 19:25 | Biry · wall_segment Palisade Wall x1 |
| 19:26 | Biry · wall_segment Palisade Wall x1 |
| 19:26 | Biry · wall_segment Palisade Wall x1 |
| 19:58 | Biry · first_market_buy 100 food |
| 20:17 | RedPhosphoru · first_building Monastery |
| 21:29 | Biry · wall_segment Palisade Wall x1 |
| 22:11 | Biry · wall_segment Stone Wall x5 |
| 22:42 | Biry · wall_segment Stone Wall x4 |
| 22:55 | Biry · age_up castle |
| 23:08 | Biry · first_building Monastery |
| 23:25 | Biry · first_building Siege Workshop |
| 27:11 | Biry · wall_segment Palisade Wall x1 |
| 28:09 | Biry · first_market_sell 100 wood |
| 28:15 | RedPhosphoru · first_building Siege Workshop |
| 31:50 | Biry · wall_segment Stone Wall x1 |
| 32:19 | RedPhosphoru · wall_segment Stone Wall x1 |
| 32:29 | RedPhosphoru · wall_segment Palisade Wall x1 |
| 33:00 | RedPhosphoru · wall_segment Stone Wall x8 |
| 33:07 | RedPhosphoru · resign |
[ AI ANALYSIS · 1 CREDIT ]
What really happened in this match?
Wolo.gg analyzes every decision: build order, eco, micro, common mistakes by bracket. Personalized analysis on WhatsApp or Discord in 30 seconds.
Civ guide
Poles
Perfil
Jugador #23053479